 Dungeon Crawl Stone Soup version 0.14.1 (webtiles) character file.

1885 Heini the Cleaver (level 8, 0/73 HPs)
             Began as a Hill Orc Fighter on May 1, 2014.
             Was a Believer of Okawaru.
             Shot with a sling bullet by Joseph (2 damage)
             ... on Level 7 of the Dungeon.
             The game lasted 00:18:00 (5263 turns).

Heini the Cleaver (Hill Orc Fighter)                Turns: 5263, Time: 00:18:00

HP   0/73        AC 15     Str 28      XL: 8   Next: 86%
MP   8/8         EV  7     Int  8      God: Okawaru [**....]
Gold 350         SH 20     Dex 10      Spells:  0 memorised,  7 levels left

rFire  . . .     SeeInvis .     a - +1 war axe
rCold  . . .     Clarity  .     y - +6 scale mail of Limitation {Str+2}
rNeg   . . .     Conserve .     c - +0 shield
rPois  +         rCorr    .     (no helmet)
rElec  .         rRot     .     j - +0 cloak
SustAb + .       Spirit   .     (no gloves)
rMut   .         Warding  .     (no boots)
Saprov + . .     Stasis   .     (no amulet)
MR     .....                    D - ring of poison resistance
                                t - cursed ring of sustain abilities

@: mighty, not resistant to hostile enchantments, extremely unstealthy
A: saprovore 1
a: Heroism, Renounce Religion


You were on level 7 of the Dungeon.
You worshipped Okawaru.
Okawaru was pleased with you.
You were not hungry.

You visited 1 branch of the dungeon, and saw 7 of its levels.

You collected 350 gold pieces.

Inventory:

Hand weapons
 a - a +1,+1 war axe (weapon)
Armour
 b - a +0 scale mail
 c - a +0 shield (worn)
 j - a +0 cloak (worn)
 r - a +2 chain mail
 y - the +6 scale mail of Limitation (worn) {Str+2}
   (You found it on level 6 of the Dungeon)

   It affects your strength (+2).
Magical devices
 x - a wand of digging (10)
Comestibles
 d - 5 meat rations
 n - 4 bread rations
 p - a lemon
 s - 2 pears
 w - a choko
 C - 3 chunks of hobgoblin flesh
Scrolls
 g - 2 scrolls of recharging
 k - 2 scrolls of identify
 l - 3 scrolls of amnesia
 m - 2 scrolls of magic mapping
 o - 3 scrolls of remove curse
 u - a scroll of enchant weapon II
Jewellery
 i - a +3 ring of intelligence
 t - a cursed ring of sustain abilities (left hand)
 D - a ring of poison resistance (right hand)
Potions
 h - 4 potions of curing
 q - a potion of brilliance
 v - 4 potions of restore abilities
 z - a potion of magic
 A - 2 potions of confusion {unknown}
Books
 f - a book of Fire

   Spells                             Type                      Level
   Fire Brand                         Charms/Fire                  2
   Ignite Poison                      Fire/Transmutation           5
   Fireball                           Conjuration/Fire             5
   Bolt of Fire                       Conjuration/Fire             6
   Delayed Fireball                   Conjuration/Fire             7
   Ring of Flames                     Charms/Fire                  7


   Skills:
 * Level 7.1 Fighting
 * Level 9.4 Axes
 * Level 7.7 Armour
 - Level 3.2 Shields


You had 7 spell levels left.
You didn't know any spells.

Dungeon Overview and Level Annotations

Branches:
Dungeon (7/15)             Temple (0/1) D:7

Altars:
Ashenzari
Fedhas
Okawaru
Trog
Vehumet
Yredelemnul
Zin

Shops:
D:3 *

Annotations:
D:7 Joseph


Innate Abilities, Weirdness & Mutations

You can tolerate rotten meat.


Message History

You block the kobold's attack.
You slash Joseph!
Joseph is lightly wounded.
Joseph hits you with an uncursed quarterstaff!
The kobold barely misses you.
You hit the kobold.
You kill the kobold!
Okawaru accepts your kill.
Joseph hits you with an uncursed quarterstaff!
* * * LOW HITPOINT WARNING * * *
Drink which item? (? for menu, Esc to quit)
Okay, then.
Joseph unwields an uncursed quarterstaff.
Joseph wields an uncursed sling.
Joseph shoots a sling bullet.
The sling bullet hits you!
* * * LOW HITPOINT WARNING * * *
Things that are here:
a sling bullet; an uncursed crossbow; 8 bolts; a kobold corpse Joseph shoots a sling bullet.
The sling bullet hits you!
You die...

........#+#
K..............
>................
....K...........#
#...............#
#...........%..## #
#....(.........###..
##...(###'###........
##..(#.(@..#......#
##..#(###.#.....#
##.@(#>+.'.....# .
###.###.#.....## #..
#.....#......###..#
###+###...........#
#.....).........##
##...............#
##...............


You could see Joseph.

Vanquished Creatures
  Prince Ribbit (D:7)
  Eustachio (D:6)
  Menkaure (D:6)
  An ice beast (D:6)
  A phantom (D:4)
  A centaur (D:6)
  2 crimson imps (D:5)
  3 hounds
  2 orc priests
  A black bear zombie (D:5)
  2 orc wizards (D:6)
  Natasha (D:6)
  3 iguanas
  5 worker ants
  An ogre skeleton (D:7)
  3 gnolls (D:5)
  9 adders
  3 giant mites
  2 green rats (D:6)
  4 worms
  2 shadow imps (D:6)
  4 white imps (D:6)
  2 ufetubi (D:6)
  An orc skeleton (D:4)
  6 giant geckos
  2 oozes
  7 orcs
  A bat skeleton (D:4)
  12 hobgoblins
  5 quokkas
  2 ball pythons
  10 bats
  6 giant cockroaches
  2 giant newts
  A giant newt skeleton (D:4)
  10 goblins
  2 goblin zombies (D:5)
  7 jackals (D:2)
  12 kobolds
  15 rats
  A rat skeleton (D:5)
  A spectral orc (D:6)
158 creatures vanquished.

Vanquished Creatures (others)
  An orc wizard (D:3)
  An orc (D:3)
2 creatures vanquished.

Grand Total: 160 creatures vanquished

Notes
Turn   | Place    | Note
--------------------------------------------------------------
     0 | D:1      | Heini, the Hill Orc Fighter, began the quest for the Orb.
     0 | D:1      | Reached XP level 1. HP: 19/19 MP: 1/1
   175 | D:1      | Reached XP level 2. HP: 24/27 MP: 2/2
   254 | D:1      | Reached skill level 4 in Fighting
   430 | D:1      | Reached XP level 3. HP: 33/33 MP: 3/3
   964 | D:2      | Reached XP level 4. HP: 34/41 MP: 4/4
  1275 | D:2      | Found an iron altar of Okawaru.
  1284 | D:2      | Became a worshipper of Warmaster Okawaru
  1621 | D:3      | Found a radiant altar of Vehumet.
  1741 | D:3      | Found Zin's Purification Station.
  1743 | D:3      | Found a glowing silver altar of Zin.
  1764 | D:3      | Reached XP level 5. HP: 24/47 MP: 5/5
  2454 | D:4      | Reached skill level 5 in Armour
  2713 | D:4      | Reached skill level 5 in Axes
  2721 | D:4      | Reached skill level 5 in Fighting
  2751 | D:4      | Found a blossoming altar of Fedhas.
  2783 | D:4      | Reached XP level 6. HP: 40/56 MP: 6/6
  2942 | D:4      | Noticed a phantom
  2967 | D:4      | Killed a phantom
  2967 | D:4      | Acquired Okawaru's first power
  3128 | D:5      | Entered Level 5 of the Dungeon
  3159 | D:5      | Reached skill level 6 in Axes
  3193 | D:5      | Reached XP level 7. HP: 50/62 MP: 7/7
  3306 | D:5      | Found a blossoming altar of Fedhas.
  3771 | D:5      | Found a shattered altar of Ashenzari.
  3842 | D:5      | Reached skill level 7 in Axes
  4168 | D:6      | Noticed Menkaure
  4177 | D:6      | Killed Menkaure
  4177 | D:6      | Reached XP level 8. HP: 65/71 MP: 8/8
  4357 | D:6      | Noticed Eustachio
  4382 | D:6      | Found a basalt altar of Yredelemnul.
  4397 | D:6      | Reached skill level 8 in Axes
  4424 | D:6      | Killed Eustachio
  4901 | D:6      | Got a twisted scale mail
  4917 | D:6      | Identified the +6 scale mail of Limitation {Str+2} (You found it on level 6 of the Dungeon)
  4995 | D:6      | Noticed a moth of wrath
  4996 | D:6      | Noticed Natasha
  4997 | D:6      | Found a bloodstained altar of Trog.
  5002 | D:6      | Killed Natasha
  5100 | D:7      | Noticed Prince Ribbit
  5110 | D:7      | Killed Prince Ribbit
  5110 | D:7      | Reached skill level 9 in Axes
  5220 | D:7      | Found a staircase to the Ecumenical Temple.
  5241 | D:7      | Noticed Joseph
  5261 | D:7      | HP: 2/73 [Joseph/uncursed quarterstaff (23)]
  5263 | D:7      | Shot with a sling bullet by Joseph

Action                   |  1- 3 |  4- 6 |  7- 9 || total
-------------------------+-------+-------+-------++-------
Melee: War axe           |   113 |   275 |   244 ||   632
  Use: Scroll            |     8 |       |     7 ||    15
       Potion            |       |     1 |     3 ||     4
 Stab: Held in net/web   |       |       |     2 ||     2
